 Dungeon Crawl Stone Soup version 0.23.2-1-ga50397a (webtiles) character file.

Game seed: 17271210724274218045

12355 myga the Carver (level 11, 0/94 HPs)
             Began as a Centaur Fighter on Apr 19, 2019.
             Was a High Priest of Okawaru.
             Slain by a red ugly thing (10 damage)
             ... on level 11 of the Dungeon.
             The game lasted 01:10:17 (11938 turns).

myga the Carver (Centaur Fighter)                  Turns: 11938, Time: 01:10:19

Health: 0/94       AC: 17    Str: 24    XL:     11   Next: 61%
Magic:  7/12       EV: 10    Int: 10    God:    Okawaru [*****.]
Gold:   885        SH: 16    Dex: 18    Spells: 10/10 levels left

rFire    + . .     SeeInvis .   a - +1 long sword
rCold    + . .     Gourm    .   c - +1 shield
rNeg     . . .     Faith    .   j - +1 chain mail of Ennui {rPois}
rPois    +         Spirit   .   d - +0 helmet
rElec    .         Reflect  +   g - scarf {rC+ rF+}
rCorr    .         Harm     .   (no gloves)
MR       +....     Clarity  +   y - +1 centaur barding of Onitish {Int+5}
Stlth    ..........             D - +4 amulet of reflection
HPRegen  0.25/turn              z - ring "Mohes" {rPois MR+}
MPRegen  0.13/turn              K - +6 ring of strength

@: agile, very quick
A: large, hooves 3, clarity, deformed body, dopey 1, speed 2, tough skin 3
a: Heroism, Finesse, Renounce Religion


You were on level 11 of the Dungeon.
You worshipped Okawaru.
Okawaru was extremely pleased with you.
You were not hungry.

You visited 1 branch of the dungeon, and saw 11 of its levels.
You also visited: Sewer.

You collected 885 gold pieces.

Inventory:

Hand Weapons
 a - a +1 long sword (weapon)
 r - a +0 hunting sling
Missiles
 m - 388 stones (quivered)
 n - 125 sling bullets
 N - 2 tomahawks
 W - 4 steel tomahawks
Armour
 c - a +1 shield (worn)
 d - a +0 helmet (worn)
 g - a scarf of resistance (worn)
 j - the +1 chain mail of Ennui (worn) {rPois}
   (You found it on level 9 of the Dungeon)

   It protects you from poison.
 y - the +1 centaur barding of Onitish (worn) {Int+5}
   (Okawaru gifted it to you on level 11 of the Dungeon)

   It affects your intelligence (+5).
 P - a scarf of spirit shield
 U - a +0 plate armour
 X - a +0 troll leather armour
Jewellery
 w - an uncursed ring of protection from magic
 z - the ring "Mohes" (left hand) {rPois MR+}
   (You took it off a wizard on level 9 of the Dungeon)

   [ring of poison resistance]

   It protects you from poison.
   It affects your resistance to hostile enchantments.
 D - a +4 amulet of reflection (around neck)
 F - an uncursed ring of protection from cold
 J - an uncursed ring of positive energy
 K - a +6 ring of strength (right hand)
 R - a +2 ring of strength
Wands
 k - a wand of acid (6)
 B - a wand of random effects (25)
 C - a wand of iceblast (7)
 V - a wand of flame (23)
Scrolls
 i - 5 scrolls of remove curse
 o - 2 scrolls of teleportation
 p - a scroll of amnesia
 q - 2 scrolls of fear
 s - 2 scrolls of fog
 t - 4 scrolls of enchant weapon
 x - 2 scrolls of enchant armour
Potions
 b - a potion of cancellation
 e - a potion of agility
 h - a potion of mutation
 l - 3 potions of brilliance
 u - 6 potions of curing
 v - 2 potions of flight
 E - a potion of haste
 I - a potion of magic
 Q - a potion of might
 S - a potion of lignification
Miscellaneous
 Y - a box of beasts
 Z - a crystal ball of energy
Comestibles
 f - 20 rations
 A - 9 chunks of flesh


   Skills:
 + Level 8.0 Fighting
 + Level 10.1 Long Blades
 + Level 2.1(4.0) Slings
 + Level 5.2(5.4) Throwing
 + Level 6.5 Armour
 + Level 2.8 Dodging
 + Level 0.4 Stealth
 + Level 6.6 Shields
 + Level 1.6 Invocations
 + Level 0.3 Evocations


You had 10 spell levels left.
You didn't know any spells.
Your spell library contained the following spells:

 Spells                   Type           Power        Failure   Level  Hunger
 Confusing Touch          Hex            #.....       99%         1    ##.....
 Corona                   Hex            #......      99%         1    ##.....
 Infusion                 Chrm           #...         99%         1    ##.....
 Ensorcelled Hibernation  Hex/Ice        #.....       99%         2    ###....
 Shroud of Golubria       Chrm/Tloc      #.........   99%         2    ###....
 Song of Slaying          Chrm           #.......     99%         2    ###....
 Confuse                  Hex            #.......     100%        3    ####...
 Dazzling Spray           Conj/Hex       #.....       100%        3    ####...
 Gell's Gravitas          Tloc           #.........   100%        3    ####...
 Recall                   Summ/Tloc      N/A          100%        3    ####...
 Regeneration             Chrm/Necr      #.........   100%        3    ####...
 Spectral Weapon          Hex/Chrm       #.......     100%        3    ####...
 Tukima's Dance           Hex            #.......     100%        3    ####...
 Animate Dead             Necr           N/A          100%        4    #####..
 Petrify                  Tmut/Erth      #.......     100%        4    #####..
 Borgnjor's Vile Clutch   Necr/Erth      #.........   100%        5    ######.
 Irradiate                Conj/Tmut      #.........   100%        5    ######.
 Metabolic Englaciation   Hex/Ice        #.........   100%        5    ######.
 Yara's Violent Unravell  Hex/Tmut       #.........   100%        5    ######.
 Death Channel            Necr           #.........   100%        6    #######
 Hydra Form               Tmut           #.........   100%        6    #######
 Simulacrum               Ice/Necr       #.........   100%        6    #######
 Statue Form              Tmut/Erth      #........    100%        6    #######
 Dragon Form              Tmut           #.........   100%        7    #######


Dungeon Overview and Level Annotations

Branches:
Dungeon (11/15)            Temple (0/1) D:6
   Lair: D:8-11         Orc: D:9-12

Altars:
Elyvilon
Kikubaaqudgha
Nemelex Xobeh
Okawaru
Trog
Uskayaw
Vehumet
Yredelemnul

Shops:
D:11 [

Portals:
Gauntlet: D:11

Annotations:
D:9 2 transporters, Lucio's ghost, novice MiFi


Innate Abilities, Weirdness & Mutations

You have hooves in place of feet.
Armour fits poorly on your strangely shaped body.
You cover ground very quickly.
You have extremely tough skin. (AC +3)
You possess an exceptional clarity of mind.
You are dopey. (Int -2)


Message History

Aim: a red ugly thing (heavily wounded, lightly drained)
The fireball explodes!
The fireball engulfs the red ugly thing.
The red ugly thing resists.
The red ugly thing is heavily wounded.
You hear a shout!
You hear an angry hiss.
Fire/throw which item? (* to show all) (? for menu, Esc to quit)
Throwing (i - inventory. (/) - cycle)
m - 388 stones (quivered)
Press: ? - help, Shift-Dir - straight line, f/p - red ugly thing
Aim: a red ugly thing (heavily wounded, lightly drained)
You throw a steel tomahawk.
The steel tomahawk hits the red ugly thing but does no damage.
The red ugly thing is heavily wounded.
You closely miss the red ugly thing. You kick the red ugly thing.
The red ugly thing is heavily wounded.
An ogre comes into view. It is wielding a +0 giant spiked club.
The red ugly thing bites you.
* * * LOW HITPOINT WARNING * * *
You are engulfed in flames!
You resist.
You die...

*<* *,* *,* *,* *,* *,*
######## ***,*###***#......#
*,,,,.....##∩..)..###########
*,,,,.....(u@..(.(....((c....
*,,,,.....##...)..###########
*,,,,....,*#......#
***,,O..***#####.## #######
******,,..,* #.# #....(.
*,,,,,,,.,,* #.# ##......
*,,,,,>,,,,*
####.#####.......
*,,,,,,,,,,*
#........)...####
**,,,,,,,,,,* #............#


You could see a red ugly thing and an ogre.

Vanquished Creatures
  3 two-headed ogres
  A centaur warrior (D:11)
  A wizard (D:9)
  An ugly thing (D:9)
  A cyclops (D:9)
  Psyche (D:8)
  2 kobold demonologists (D:9)
  5 trolls (D:9)
  Grinder (D:6)
  Prince Ribbit (D:7)
  5 hippogriffs
  A yak (D:9)
  A wyvern (D:9)
  A water moccasin (D:6)
  Duvessa (D:7)
  2 orc warriors
  Purgy (Sewer)
  2 ice beasts
  2 black bears
  3 sky beasts (D:9)
  4 ogres
  3 phantoms (D:9)
  2 centaurs
  A crocodile (D:11)
  A big kobold (D:11)
  4 bullfrogs
  Dowan (D:7)
  2 wyvern skeletons (D:8)
  2 scorpions
  9 killer bees
  6 wights
  2 howler monkeys
  A vampire bat (D:6)
  6 crimson imps
  2 centaur zombies
  3 jellies
  A quasit (D:9)
  Crazy Yiuf (D:3)
  An orc priest (D:8)
  2 bullfrog zombies
  10 hounds
  Jessica (D:3)
  A centaur skeleton (D:7)
  2 iguanas
  Natasha (twice) (D:2)
  4 orc wizards
  8 worker ants
  A killer bee zombie (D:8)
  A hound zombie (D:6)
  Robin (D:2)
  A worker ant zombie (D:11)
  2 gnolls (D:5)
  13 adders
  A river rat (D:3)
  2 shadow imps (D:7)
  An adder zombie (D:5)
  2 worms (D:3)
  A dart slug (D:2)
  3 leopard geckos
  33 orcs
  21 bats
  3 giant cockroaches
  20 goblins
  6 hobgoblins
  13 jackals
  11 quokkas
  2 ball pythons
  7 frilled lizards
  20 kobolds
  15 rats
298 creatures vanquished.

Vanquished Creatures (others)
  A human (D:2)
  2 centaurs (D:11)
  4 toadstools (D:1)
7 creatures vanquished.

Grand Total: 305 creatures vanquished

Notes
Turn   | Place    | Note
-------+----------+-------------------------------------------
     0 | D:1      | myga the Centaur Fighter began the quest for the Orb.
     0 | D:1      | Reached XP level 1. HP: 19/19 MP: 1/1
   172 | D:1      | Reached XP level 2. HP: 26/26 MP: 2/2
   562 | D:1      | Reached skill level 2 in Long Blades
   680 | D:2      | Noticed Natasha
   686 | D:2      | Noticed a crimson imp
   687 | D:2      | Killed Natasha
   687 | D:2      | Reached XP level 3. HP: 21/31 MP: 2/3
   766 | D:2      | Reached XP level 4. HP: 24/38 MP: 4/4
   973 | D:2      | Noticed Robin
  1029 | D:2      | Killed Robin
  1786 | D:2      | Reached XP level 5. HP: 42/46 MP: 5/5
  1920 | D:2      | Noticed Natasha
  1941 | D:2      | Killed Natasha
  2088 | D:2      | Found a basalt altar of Yredelemnul.
  2145 | D:2      | Found an ancient bone altar of Kikubaaqudgha.
  2145 | D:2      | Noticed a human
  2150 | D:2      | Killed a human
  2284 | D:2      | Gained mutation: You are dopey. (Int -2) [potion of
                  | mutation]
  2284 | D:2      | Gained mutation: You possess an exceptional clarity of
                  | mind. [potion of mutation]
  2430 | D:3      | Found a runed translucent door.
  2431 | D:3      | Noticed Crazy Yiuf
  2508 | D:3      | Noticed Jessica
  2513 | D:3      | Killed Jessica
  2513 | D:3      | Reached skill level 3 in Long Blades
  2802 | D:3      | Reached XP level 6. HP: 51/52 MP: 6/6
  2893 | D:3      | Reached skill level 1 in Throwing
  2960 | D:3      | Found a glowing drain.
  2970 | Sewer    | Entered a sewer
  3040 | Sewer    | Noticed Purgy
  3065 | Sewer    | Killed Purgy
  3771 | D:3      | Killed Crazy Yiuf
  4258 | D:4      | Reached skill level 4 in Long Blades
  4258 | D:4      | Reached XP level 7. HP: 46/59 MP: 7/7
  4955 | D:5      | Entered Level 5 of the Dungeon
  5434 | D:5      | Found an iron altar of Okawaru.
  5480 | D:5      | Became a worshipper of Warmaster Okawaru
  6036 | D:6      | Reached skill level 5 in Fighting
  6036 | D:6      | Reached skill level 5 in Long Blades
  6044 | D:6      | Reached XP level 8. HP: 30/68 MP: 8/8
  6248 | D:6      | Found a staircase to the Ecumenical Temple.
  6290 | D:6      | Reached skill level 1 in Slings
  6333 | D:6      | Found a sparkling altar of Nemelex Xobeh.
  6350 | D:6      | Found a hide-covered altar of Uskayaw.
  6352 | D:6      | Found an ancient bone altar of Kikubaaqudgha.
  6412 | D:6      | Noticed Grinder
  6424 | D:6      | Killed Grinder
  6424 | D:6      | Reached * piety under Okawaru
  6424 | D:6      | Reached skill level 1 in Dodging
  7064 | D:7      | Noticed Prince Ribbit
  7072 | D:7      | Killed Prince Ribbit
  7072 | D:7      | Reached skill level 6 in Long Blades
  7139 | D:7      | Noticed a hippogriff
  7145 | D:7      | Killed a hippogriff
  7145 | D:7      | Reached ** piety under Okawaru
  7183 | D:7      | Reached XP level 9. HP: 55/74 MP: 9/9
  7334 | D:7      | Noticed Duvessa
  7341 | D:7      | Noticed Dowan
  7355 | D:7      | Killed Duvessa
  7372 | D:7      | Killed Dowan
  7670 | D:7      | Reached *** piety under Okawaru
  8198 | D:8      | Reached skill level 7 in Long Blades
  8547 | D:8      | Reached skill level 5 in Armour
  8663 | D:8      | Reached skill level 5 in Shields
  9287 | D:8      | Noticed Psyche
  9294 | D:8      | Killed Psyche
  9294 | D:8      | Reached XP level 10. HP: 56/84 MP: 6/10
  9763 | D:9      | Noticed a yaktaur captain
  9768 | D:9      | Noticed Lucio's ghost (novice MiFi)
  9779 | D:9      | Found a transporter.
  9787 | D:9      | Found a transporter.
  9849 | D:9      | Reached **** piety under Okawaru
 10097 | D:9      | Reached skill level 8 in Long Blades
 10215 | D:9      | Noticed a red ugly thing
 10253 | D:9      | Killed a red ugly thing
 10253 | D:9      | Received a gift from Okawaru
 10287 | D:9      | Reached skill level 9 in Long Blades
 10323 | D:9      | Reached ***** piety under Okawaru
 10360 | D:9      | Found a radiant altar of Vehumet.
 10362 | D:9      | Found an iron altar of Okawaru.
 10369 | D:9      | Found a bloodstained altar of Trog.
 10369 | D:9      | Found a white marble altar of Elyvilon.
 10373 | D:9      | Noticed a two-headed ogre
 10385 | D:9      | Killed a two-headed ogre
 10385 | D:9      | Reached XP level 11. HP: 17/92 MP: 4/11
 10401 | D:9      | Identified the ring "Mohes" {rPois MR+}
 10401 | D:9      | Noticed a wizard
 10408 | D:9      | Noticed a soul eater
 10482 | D:9      | Noticed a two-headed ogre
 10517 | D:9      | Killed a two-headed ogre
 10902 | D:9      | Reached skill level 1 in Invocations
 11107 | D:9      | Got a bloodstained chain mail
 11146 | D:9      | Identified the cursed +1 chain mail of Ennui {rPois} (You
                  | found it on level 9 of the Dungeon)
 11205 | D:9      | Killed a wizard
 11239 | D:9      | Noticed a soul eater
 11246 | D:9      | Noticed a sun demon
 11484 | D:10     | Entered Level 10 of the Dungeon
 11622 | D:11     | Noticed a two-headed ogre
 11629 | D:11     | Killed a two-headed ogre
 11706 | D:11     | Received a gift from Okawaru
 11721 | D:11     | Got a slimy centaur barding {god gift}
 11742 | D:11     | Identified the +1 centaur barding of Onitish {Int+5}
                  | (Okawaru gifted it to you on level 11 of the Dungeon)
 11836 | D:11     | Reached skill level 5 in Throwing
 11843 | D:11     | Found Mielunig's Antique Armour Emporium.
 11861 | D:11     | Noticed a centaur warrior
 11863 | D:11     | Reached skill level 10 in Long Blades
 11905 | D:11     | Killed a centaur warrior
 11920 | D:11     | Found a gate leading to a gauntlet.
 11930 | D:11     | Noticed a red ugly thing
 11938 | D:11     | Slain by a red ugly thing

Skill      XL: |  1  2  3  4  5  6  7  8  9 10 11 |
---------------+----------------------------------+-----
Long Blades    | 2 3 4 5 6 7 9 10 | 10.1
Armour         | 3 4 5 6 |  6.5
Throwing       | 1 2 3 4 5 |  5.2
Fighting       | 4 5 6 7 8 |  8.0
Shields        | 3 4 5 6 |  6.6
Slings         | 2 |  2.1
Dodging        | 1 2 |  2.8
Invocations    | 1 |  1.6
Stealth        | |  0.4
Evocations     | |  0.3

Action                   |  1- 3 |  4- 6 |  7- 9 | 10-12 || total
-------------------------+-------+-------+-------+-------++-------
Melee: Long sword        |    91 |   276 |   348 |   310 ||  1025
       Kick              |    14 |    60 |   112 |   123 ||   309
 Fire: Hunting sling     |       |     3 |    15 |       ||    18
Throw: Stone             |     1 |    48 |    38 |    42 ||   129
       Tomahawk          |       |       |    17 |    32 ||    49
Invok: Heroism           |       |       |     5 |     9 ||    14
       Finesse           |       |       |       |     1 ||     1
Evoke: Wand              |       |       |       |    12 ||    12
  Use: Potion            |     1 |     3 |     3 |     5 ||    12
       Scroll            |       |     4 |    11 |     7 ||    22
  Eat: Chunk             |       |     8 |    14 |     4 ||    26
       Ration            |       |       |       |     1 ||     1
Armor: Scale mail        |    55 |    23 |       |       ||    78
       Chain mail        |       |   200 |    23 |    22 ||   245
       Ring mail         |       |       |   109 |       ||   109
       Plate armour      |       |       |    26 |    93 ||   119
Dodge: Dodged            |    18 |    50 |    67 |    30 ||   165
Block: Shield            |    43 |   144 |   190 |   197 ||   574
       Reflection        |       |       |       |    13 ||    13
       Rpst.: Long sword |     6 |    12 |    22 |     7 ||    47
